 Dungeon Crawl Stone Soup version 0.26-a0-365-g11c2b627af (webtiles) character file.

Game seed: 1639635751497550347

2424 Glokmah the Vexing (level 9, 0/52 HPs)
             Began as a Kobold Arcane Marksman on July 19, 2020.
             Was a Priest of Okawaru.
             Slain by an orc warlord
             ... wielding a +0 war axe
              (20 damage)
             ... in a bailey.
             The game lasted 00:26:53 (9755 turns).

Glokmah the Vexing (Kobold Arcane Marksman)         Turns: 9755, Time: 00:26:53

Health: 0/52       AC:  7    Str: 16    XL:     9   Next: 76%
Magic:  8/12       EV: 21    Int: 19    God:    Okawaru [***...]
Gold:   445        SH:  0    Dex: 17    Spells: 4/12 levels left

rFire    + . .     SeeInvis .   a - +3 short sword of Tupaehost {drain, +Rage rElec Str+3 Int+3}
rCold    . . .     Faith    .   (shield restricted)
rNeg     . . .     Spirit   .   p - +2 leather armour {rF+}
rPois    .         Reflect  .   (no helmet)
rElec    +         Harm     .   (no cloak)
rCorr    .                      e - +1 pair of gloves
MR       .....                  (no boots)
Stlth    +.........             (no amulet)
HPRegen  0.17/turn              h - +6 ring of strength
MPRegen  0.13/turn              m - +4 ring of evasion

@: about to teleport, lightly drained
A: small
a: Heroism, Renounce Religion, Evoke Berserk Rage


You were in a bailey.
You worshipped Okawaru.
Okawaru was most pleased with you.
You visited 2 branches of the dungeon, and saw 8 of its levels.
You also visited: Bailey.

You collected 445 gold pieces.

Inventory:

Hand Weapons
 a - the +3 short sword of Tupaehost (weapon) {drain, +Rage rElec Str+3 Int+3}
   (You found it on level 5 of the Dungeon)

   A truly terrible weapon, it drains the life of those it strikes.
   It affects your strength (+3).
   It affects your intelligence (+3).
   It insulates you from electricity.
   It lets you go berserk.
 b - a +0 dagger of holy wrath
 c - a +1 short sword of speed
 t - a +0 hand crossbow
 w - a +2 whip of electrocution
 y - a +4 short sword
Missiles
 d - 3 throwing nets
 i - 193 stones
 o - 9 poisoned darts (quivered)
 s - 33 boomerangs
Armour
 e - a +1 pair of gloves (worn)
 p - a +2 leather armour of fire resistance (worn)
Magical Staves
 q - an uncursed staff of air
Jewellery
 h - a +6 ring of strength (left hand)
 m - a +4 ring of evasion (right hand)
 r - an uncursed ring of magical power
Scrolls
 g - 3 scrolls of amnesia
 l - 5 scrolls of teleportation
Potions
 f - a potion of curing
 j - 2 potions of ambrosia
 k - a potion of stabbing
 n - 4 potions of degeneration
 u - a potion of might
 v - a potion of brilliance
 x - a potion of berserk rage {unknown}


   Skills:
 + Level 4.4(4.3) Fighting
 * Level 5.8(5.7) Short Blades
 - Level 6.0(5.8) Throwing
 + Level 2.9(2.8) Armour
 + Level 5.4(5.3) Dodging
 - Level 2.0(1.8) Spellcasting
 * Level 6.7(6.6) Hexes
 + Level 2.5(2.4) Translocations
 - Level 3.0(2.8) Fire Magic


You had 4 spell levels left.
You knew the following spells:

 Your Spells              Type           Power        Failure   Level
a - Slow                  Hex            ####....     1%          2
b - Inner Flame           Hex/Fire       ###.....     9%          3
c - Portal Projectile     Hex/Tloc       ###...       10%         3

Your spell library contained the following spells:

 Spells                   Type           Power        Failure   Level
 Corona                   Hex            ####...      1%          1
 Cause Fear               Hex            ####......   13%         4
 Leda's Liquefaction      Hex/Erth       ##........   45%         4


Dungeon Overview and Level Annotations

Branches:
Dungeon (7/15)             Temple (1/1) D:4          Bailey (1/1)

Altars:
Ashenzari
Cheibriados
Dithmenos
Elyvilon
Fedhas
Gozag
Hepliaklqana
Kikubaaqudgha
Makhleb
Nemelex Xobeh
Okawaru
Qazlal
Ru
Sif Muna
Vehumet
Wu Jian
Xom
Yredelemnul
Zin
The Shining One


Message History

Throwing (i - inventory. (/) - cycle)
o - 10 poisoned darts (quivered)
Press: ? - help, Shift-Dir - straight line, f/p - orc warlord
Aim: an orc warlord, wielding a +0 war axe and wearing a +0 chain mail (moderately wounded, inner flame, poisoned)
You throw a poisoned dart.
The poisoned dart barely misses the orc warlord.
Flame seeps out of the orc warlord.
The orc warlord is engulfed in blazing flames.
Flame seeps out of the orc warlord.
Flame seeps out of the orc warlord.
The orc warlord is engulfed in blazing flames.
Flame seeps out of the orc warlord.
Flame seeps out of the orc warlord.
The orc warlord is engulfed in blazing flames.
Flame seeps out of the orc warlord.
There is an open gate here.
The orc warlord's inner flame fades away.
As you read the scroll of teleportation, it crumbles to dust.
You feel strangely unstable.
The orc warlord looks more healthy.
The orc warlord hits you with a +0 war axe!!
You die...

♣♣♣♣♣ ♣♣♣♣♣♣♣♣.∩.♣♣♣♣♣♣♣♣♣
≈≈≈≈≈.........≈≈≈≈≈≈
≈≈≈≈≈....∩....≈≈≈≈≈≈
#####..@......#####
##...##..o....##...##
##.....##...).##.....##
##...8...##'''##...8...##
##..).......)............##
#.............)...........#
#..8..8...).........8..8..#
#.........................#
##......####...####......##


You could see an orc warlord.

Vanquished Creatures
  Pikel (D:6)
  Grinder (D:5)
  A sky beast (D:6)
  2 orc warriors (Bailey)
  An ogre (D:4)
  A phantom (D:5)
  4 bullfrogs
  5 wights (D:6)
  3 hounds
  An orc wizard (D:4)
  4 orc priests
  2 centaur skeletons (D:6)
  4 iguanas
  5 worker ants
  A hound skeleton (D:6)
  A worker ant zombie (D:5)
  4 gnolls
  7 adders
  3 shadow imps
  3 white imps
  2 ufetubi
  2 oozes
  An adder skeleton (D:4)
  5 worms
  4 dart slugs
  5 leopard geckos
  17 orcs
  A ball python (D:1)
  13 bats
  8 giant cockroaches
  20 goblins
  11 hobgoblins
  11 jackals
  20 kobolds
  5 quokkas
  5 frilled lizards
  A leopard gecko skeleton (D:4)
  3 quokka skeletons
  9 rats
197 creatures vanquished.

Notes
Turn   | Place    | Note
-------+----------+-------------------------------------------
     0 | D:1      | Glokmah the Kobold Arcane Marksman began the quest for the
                  | Orb.
     0 | D:1      | Reached XP level 1. HP: 12/12 MP: 2/2
   163 | D:1      | Reached XP level 2. HP: 16/16 MP: 1/3
   167 | D:1      | Learned a level 2 spell: Slow
   564 | D:1      | Reached XP level 3. HP: 4/20 MP: 2/5
  1679 | D:2      | Reached XP level 4. HP: 18/25 MP: 1/6
  1771 | D:2      | Learned a level 3 spell: Inner Flame
  2689 | D:2      | Reached XP level 5. HP: 26/30 MP: 5/7
  3826 | D:4      | Found a staircase to the Ecumenical Temple.
  3841 | Temple   | Entered the Ecumenical Temple
  3886 | Temple   | Became a worshipper of Warmaster Okawaru
  3943 | D:3      | Reached skill level 1 in Short Blades
  4032 | D:3      | Reached XP level 6. HP: 34/35 MP: 7/9
  4146 | D:4      | Reached skill level 1 in Fire Magic
  4498 | D:4      | Noticed an ogre
  4504 | D:4      | Killed an ogre
  4504 | D:4      | Reached * piety under Okawaru
  4504 | D:4      | Reached skill level 1 in Armour
  4504 | D:4      | Reached XP level 7. HP: 40/40 MP: 2/10
  5178 | D:5      | Entered Level 5 of the Dungeon
  5400 | D:5      | Learned a level 3 spell: Portal Projectile
  5453 | D:5      | Noticed Grinder
  5460 | D:5      | Paralysed by Grinder for 3 turns
  5465 | D:5      | Paralysed by Grinder for 6 turns
  5937 | D:5      | Reached skill level 5 in Hexes
  6366 | D:5      | Reached XP level 8. HP: 30/46 MP: 7/11
  6592 | D:5      | Paralysed by Grinder for 6 turns
  6606 | D:5      | Killed Grinder
  6606 | D:5      | Reached ** piety under Okawaru
  6606 | D:5      | Reached skill level 5 in Throwing
  7097 | D:5      | Found a basalt altar of Yredelemnul.
  7112 | D:5      | Got a bloodstained short sword
  7113 | D:5      | Identified the cursed +3 short sword of Tupaehost {drain,
                  | +Rage rElec Str+3 Int+3} (You found it on level 5 of the
                  | Dungeon)
  7420 | D:6      | Found a blossoming altar of Fedhas.
  7769 | D:6      | Found a sparkling altar of Nemelex Xobeh.
  7897 | D:6      | Reached skill level 1 in Translocations
  8334 | D:6      | Reached XP level 9. HP: 50/52 MP: 12/12
  8350 | D:6      | Found a shadowy altar of Dithmenos.
  8408 | D:6      | Noticed Pikel
  8417 | D:6      | Killed Pikel
  8417 | D:6      | Reached skill level 5 in Short Blades
  8417 | D:6      | Reached skill level 5 in Dodging
  8490 | D:6      | Reached *** piety under Okawaru
  8804 | D:6      | Found a stormy altar of Qazlal.
  8805 | D:6      | Found an ornate altar of the Wu Jian Council.
  9189 | D:7      | Found a flagged portal.
  9203 | Bailey   | Entered a bailey
  9211 | Bailey   | Noticed an orc warlord
  9582 | Bailey   | Found a runed translucent gate.
  9582 | Bailey   | Found a runed translucent gate.
  9582 | Bailey   | Found a runed translucent gate.
  9755 | Bailey   | Slain by an orc warlord

Illustrated notes

Levels and vault maps discovered:
D:1:      minmay_arrival_four_houses, layout_basic, minmay_pentomino_o4
D:2:      minmay_chambers_of_ones, layout_loops_ring
D:3:      minmay_angry_zag, layout_basic
D:4:      layout_basic, minmay_temple_entry_mini_moons
D:5:      layout_loops_ring, lemuel_doored_altar, minmay_divided_ellipse,
          uniq_grinder
D:6:      layout_basic, old_standard_altar, nemelex_xobeh_ov_fountains_minmay,
          gammafunk_temple_overflow_statue, fedhas_ov_isle_minmay, uniq_pikel
D:7:      layout_cave_pods, kennysheep_mini_moat, enter_bailey_3, uniq_duvessa
Temple:   eino_wide_crystal_templ
Bailey:   bailey_axe_bossmonster_kennysheep, bailey

Skill      XL: |  1  2  3  4  5  6  7  8  9 |
---------------+----------------------------+-----
Throwing       | 3 4 5 6 |  6.0
Dodging        | 3 4 5 |  5.4
Hexes          | 4 5 6 |  6.7
Fighting       | 2 3 4 |  4.4
Short Blades   | 1 2 4 5 |  5.8
Spellcasting   | 2 |  2.0
Fire Magic     | 1 2 3 |  3.0
Armour         | 1 2 |  2.9
Translocations | 1 2 |  2.5

Action                   |  1- 3 |  4- 6 |  7- 9 || total
-------------------------+-------+-------+-------++-------
Melee: Club              |    37 |       |       ||    37
       Short sword       |    31 |   277 |   259 ||   567
       Dagger            |       |       |    65 ||    65
Throw: Boomerang         |    51 |    60 |    65 ||   176
       Dart              |       |       |    41 ||    41
 Cast: Corona            |     9 |       |       ||     9
       Slow              |     5 |    11 |     7 ||    23
       Inner Flame       |       |     1 |    31 ||    32
Invok: Heroism           |       |       |     4 ||     4
  Use: Scroll            |     4 |     6 |    10 ||    20
 Stab: Sleeping          |     1 |     5 |     2 ||     8
Armor: Robe              |    19 |    26 |       ||    45
       Leather armour    |       |    15 |    59 ||    74
Dodge: Dodged            |    89 |   177 |   315 ||   581

Table legend: (Time is in decaauts)
 A = Elapsed time spent in this place.
 B = Non-inter-level travel time spent in this place.
 C = Inter-level travel time spent in this place.
 D = Time resting spent in this place.
 E = Time spent auto-exploring this place.
 F = Levels seen in this place.
 G = Mean time per level.
                   A        B        C        D        E       F      G
               +--------+--------+--------+--------+--------+-----+--------+
         Total |   9630 |   9130 |    500 |   2225 |   4162 |   9 | 1070.0 |
       Dungeon |   9033 |   8548 |    485 |   2021 |   4122 |   7 | 1290.4 |
        Temple |     58 |     43 |     15 |      0 |     40 |   1 |   58.0 |
        Bailey |    538 |    538 |      0 |    204 |      0 |   1 |  538.0 |
               +--------+--------+--------+--------+--------+-----+--------+
